 Dungeon Crawl Stone Soup version 0.26-a0-710-g95a0c6c400 (webtiles) character file.

Game seed: 10627626880490309335

329 marklar909 the Ruffian (level 6, -2/50 HPs)
             Began as a Draconian Transmuter on Oct 31, 2020.
             Was an Initiate of Gozag.
             Killed from afar by an orc wizard (4 damage)
             ... with a magic dart
             ... on level 5 of the Dungeon.
             The game lasted 00:09:58 (6598 turns).

marklar909 the Ruffian (Draconian Transmuter)       Turns: 6598, Time: 00:09:59

Health: -2/50      AC:  6    Str: 14    XL:     6   Next: 25%
Magic:  10/10      EV: 12    Int: 14    God:    Gozag
Gold:   255        SH:  0    Dex: 11    Spells: 3/10 levels left

rFire    . . .     SeeInvis .     - Unarmed
rCold    . . .     Faith    .   (no shield)
rNeg     . . .     Spirit   .   (armour unavailable)
rPois    .         Reflect  .   (helmet currently unavailable)
rElec    .         Harm     .   (no cloak)
rCorr    .         Rampage  .   (no gloves)
MR       .....                  (boots currently unavailable)
Stlth    +.........             p - amulet of magic regeneration
HPRegen  0.16/turn              (no ring)
MPRegen  0.37/turn              (no ring)

@: appendages (expiring), wereblooded, slowed, very slow
A: unfitting armour, horns 2, talons 2, cold-blooded, AC +6
a: End Transformation, Potion Petition, Call Merchant, Bribe Branch, Renounce
Religion


You were on level 5 of the Dungeon.
You worshipped Gozag.
Gozag was aware of your devotion.
You had grown temporary horns.
You had grown temporary talons.
You visited 2 branches of the dungeon, and saw 6 of its levels.

You collected 346 gold pieces.
You paid 91 gold pieces to Gozag.

Inventory:

Missiles
 d - 14 poisoned darts (quivered)
Jewellery
 p - an amulet of magic regeneration (around neck)
Wands
 m - a wand of acid (5)
 q - a wand of flame (18)
Scrolls
 b - 2 scrolls of identify
 c - 4 scrolls of teleportation
 e - a scroll of remove curse
 f - a scroll of fear {unknown}
 l - a scroll of amnesia
 n - a scroll of fog
 o - a scroll of blinking {unknown}
 r - a scroll of vulnerability {unknown}
Potions
 a - 4 potions of flight
 g - 2 potions of curing
 h - a potion of stabbing
 i - a potion of resistance {unknown}
 j - a potion of degeneration {unknown}
 k - a potion of lignification {unknown}


   Skills:
 * Level 2.8 Fighting
 + Level 0.1 Throwing
 + Level 2.4 Dodging
 + Level 0.6 Stealth
 + Level 4.3 Unarmed Combat
 - Level 2.9 Spellcasting
 * Level 3.9 Transmutations
 * Level 1.0 Poison Magic


You had 3 spell levels left.
You knew the following spells:

 Your Spells              Type           Power        Failure   Level
a - Beastly Appendage     Tmut           ##....       4%          1
b - Wereblood             Tmut           ##......     6%          2
c - Spider Form           Tmut/Pois      #.........   24%         3
d - Corona                Hex            #......      22%         1

Your spell library contained the following spells:

 Spells                   Type           Power        Failure   Level
 Animate Skeleton         Necr           #.....       22%         1
 Apportation              Tloc           #.....       22%         1
 Summon Small Mammal      Summ           #...         22%         1
 Ice Form                 Ice/Tmut       #.......     67%         4
 Blade Hands              Tmut           ##........   75%         5


Dungeon Overview and Level Annotations

Branches:
Dungeon (5/15)             Temple (1/1) D:4

Altars:
Ashenzari
Cheibriados
Dithmenos
Elyvilon
Fedhas
Gozag
Hepliaklqana
Kikubaaqudgha
Makhleb
Nemelex Xobeh
Okawaru
Qazlal
Ru
Sif Muna
Trog
Vehumet
Wu Jian
Xom
Yredelemnul

Annotations:
D:4 3 runed translucent doors, Xurdan's ghost, amateur MiGl


Innate Abilities, Weirdness & Mutations

Your plain brown scales are hard. (AC +6)
You cannot fit into any form of body armour.
You are cold-blooded and may be slowed by cold attacks.
You have a pair of horns on your head.
You have razor-sharp toenails.


Message History

* * * LOW HITPOINT WARNING * * *
Unknown command.
You hit the orc wizard.
You headbutt the orc wizard, but do no damage.
The orc wizard is almost dead.
The bullfrog skeleton hits you but does no damage.
The orc wizard gestures wildly while chanting.
The orc wizard blinks!
The orc hits you with a +1 flail of protection.
* * * LOW HITPOINT WARNING * * *
You barely miss the bullfrog skeleton. You claw the bullfrog skeleton.
The bullfrog skeleton is almost destroyed.
The bullfrog skeleton closely misses you.
The orc wizard points at you and mumbles some strange words.
You feel yourself slow down. The bullfrog skeleton hits you.
* * * LOW HITPOINT WARNING * * *
The orc wizard gestures at you while chanting.
The magic dart hits you.
You die...
Your body crumbles into a pile of gold.

############ ###..#[......###
#....#.##......#
#...<#.......[.#### ..
#o..####..........# ...
##.......)......##.#
...######.(...###.........#.#
..........###.#Z.......##.#.#
.............ยง@<#.##.#.##.#.#
.........##.#.#o####.#.##.#.#
............#.#......#....#.#
..........###.#############.###
..........o.........>..........
####.##.#Z##.####.#.##....#.###
......Z.#.##....#.#.......#.###
####.####.....#.#.#.......#...#
.. ####.##.#.#.#.....###.#


You could see an orc wizard (fast), an orc and a bullfrog skeleton.

Vanquished Creatures
  A bullfrog skeleton (D:5)
  A centaur skeleton (D:3)
  3 worker ants (D:4)
  7 gnolls
  2 adders
  An ooze (D:4)
  2 adder skeletons (D:4)
  2 worms
  4 dart slugs
  5 leopard geckos
  7 orcs
  3 giant cockroaches
  7 goblins
  5 hobgoblins
  9 jackals
  2 quokkas
  2 ball pythons (D:1)
  12 bats
  5 frilled lizards
  8 kobolds
  A leopard gecko skeleton (D:4)
  5 rats
94 creatures vanquished.

Notes
Turn   | Place    | Note
-------+----------+-------------------------------------------
     0 | D:1      | marklar909 the Draconian Transmuter began the quest for the
                  | Orb.
     0 | D:1      | Reached XP level 1. HP: 16/16 MP: 3/3
   305 | D:1      | Reached XP level 2. HP: 20/23 MP: 3/5
  1043 | D:1      | Reached XP level 3. HP: 28/28 MP: 4/6
  1611 | D:2      | Learned a level 2 spell: Wereblood
  1615 | D:2      | Learned a level 3 spell: Spider Form
  1721 | D:2      | Reached XP level 4. HP: 14/35 MP: 2/7
  3174 | D:3      | Reached skill level 4 in Unarmed Combat
  3174 | D:3      | Reached XP level 5. HP: 37/41 MP: 7/9
  4332 | D:4      | Found a runed translucent gate.
  4337 | D:4      | Found a runed translucent gate.
  4338 | D:4      | Found a runed translucent gate.
  4534 | D:4      | Noticed Xurdan's ghost (amateur MiGl)
  4534 | D:4      | Noticed an ice beast
  4535 | D:4      | Noticed an ice beast
  4727 | D:4      | Found a white marble altar of Elyvilon.
  5130 | D:4      | Found a staircase to the Ecumenical Temple.
  5151 | Temple   | Entered the Ecumenical Temple
  5573 | Temple   | Became a worshipper of Gozag Ym Sagoz the Greedy
  5664 | D:4      | Reached XP level 6. HP: 43/50 MP: 10/10
  6175 | D:4      | Learned a level 1 spell: Corona
  6201 | D:5      | Entered Level 5 of the Dungeon
  6213 | D:5      | Reached skill level 1 in Poison Magic
  6598 | D:5      | HP: 2/50 [bullfrog skeleton (3)]
  6598 | D:5      | Killed from afar by an orc wizard

Illustrated notes

Levels and vault maps discovered:
D:1:      lightli_iron_boxes, layout_basic, st_stairs_4
D:2:      layout_loops_cross
D:3:      layout_basic
D:4:      layout_basic, minmay_temple_entry_antechambers, gammafunk_ghost_icy,
          kennysheep_nondescript, elyvilon_altar_3
D:5:      layout_basic, uniq_edmund, uniq_ijyb
Temple:   dpeg_five_rooms_temple

Skill      XL: |  1  2  3  4  5  6 |
---------------+-------------------+-----
Dodging        | 2 |  2.4
Unarmed Combat | 4 |  4.3
Transmutations | 3 |  3.9
Fighting       | 2 |  2.8
Poison Magic   | 1 |  1.0
Throwing       | |  0.1
Stealth        | |  0.6
Spellcasting   | |  2.9

Action                   |  1- 3 |  4- 6 || total
-------------------------+-------+-------++-------
Melee: Unarmed           |   105 |   182 ||   287
       Kick              |    15 |    38 ||    53
       Tailslap          |     9 |    16 ||    25
       Headbutt          |    13 |    21 ||    34
       Punch             |     2 |     1 ||     3
Throw: Dart              |       |    10 ||    10
 Cast: Beastly Appendage |    26 |    31 ||    57
       Wereblood         |     1 |     2 ||     3
       Spider Form       |       |     2 ||     2
  Use: Scroll            |       |     8 ||     8
 Stab: Sleeping          |     1 |       ||     1
Armor: Skin              |    42 |    58 ||   100
Dodge: Dodged            |    57 |   152 ||   209

Table legend: (Time is in decaauts)
 A = Elapsed time spent in this place.
 B = Non-inter-level travel time spent in this place.
 C = Inter-level travel time spent in this place.
 D = Time resting spent in this place.
 E = Time spent auto-exploring this place.
 F = Levels seen in this place.
 G = Mean time per level.
                   A        B        C        D        E       F      G
               +--------+--------+--------+--------+--------+-----+--------+
         Total |   6582 |   6196 |    386 |   1758 |   3536 |   6 | 1097.0 |
       Dungeon |   6089 |   5984 |    105 |   1758 |   3329 |   5 | 1217.8 |
        Temple |    492 |    211 |    281 |      0 |    207 |   1 |  492.0 |
               +--------+--------+--------+--------+--------+-----+--------+

Top non-repeatable levels by time:
     D:2: 1593 daAuts
     D:1: 1564 daAuts
     D:4: 1530 daAuts
     D:3: 1236 daAuts
  Temple: 492 daAuts
     D:5: 164 daAuts
